 Dungeon Crawl Stone Soup version 0.29.1-12-g30fa7ad0bf (webtiles) character file.

Game seed: 3561356222571656904

16 hawla the Chiller (level 2, -3/20 HPs)
             Began as a Meteoran Ice Elementalist on Jan 1, 2023.
             Slain by an orc
             ... wielding a +0 hand axe
              (6 damage)
             ... on level 3 of the Dungeon.
             The game lasted 00:02:52 (268 turns).

hawla the Chiller (Meteoran Ice Elementalist)        Turns: 268, Time: 00:02:52

Health: -3/20      AC:  2    Str:  9    XL:     2   Next: 94%
Magic:  4/7        EV: 12    Int: 16    God:
Gold:   27         SH:  0    Dex: 14    Spells: 6/7 levels left

rFire   . . .      SeeInvis .   f - +0 short sword (venom)
rCold   . . .      Faith    .   (no shield)
rNeg    . . .      Spirit   .   a - +0 robe
rPois   +          Reflect  .   (no helmet)
rElec   .          Harm     .   (no cloak)
rCorr   .          Rampage  .   (no gloves)
Will    .....                   (no boots)
Stlth   +.........              (no amulet)
HPRegen 0.06/turn               e - ring of poison resistance
MPRegen 0.10/turn               (no ring)

@: hasted, glowing, very quick
A: sense surroundings 1, otherworldly, glowing, explore regen
a: no special abilities


You were on level 3 of the Dungeon.
You visited 1 branch of the dungeon, and saw 3 of its levels.

You collected 27 gold pieces.

Inventory:

Hand Weapons
 f - a +0 short sword of venom (weapon)
Armour
 a - a +0 robe (worn)
Jewellery
 e - a ring of poison resistance (left hand)
Potions
 b - a potion of magic
 d - a potion of mutation {unknown}
 g - a potion of brilliance {unknown}


   Skills:
 + Level 2.5 Dodging
 - Level 1.4 Stealth
 + Level 3.1 Spellcasting
 + Level 4.9 Ice Magic


You had 6 spell levels left.
You knew the following spells:

 Your Spells              Type           Power      Damage    Failure   Level
a - Freeze                Ice            72%        1d9       2%          1

Your spell library contained the following spells:

 Spells                   Type           Power      Damage    Failure   Level
 Frozen Ramparts          Ice            36%        1d6       8%          3
 Ozocubu's Armour         Ice            18%        N/A       8%          3
 Hailstorm                Conj/Ice       10%        3d5       56%         4


Dungeon Overview and Level Annotations

Branches:
Dungeon (3/15) Zot: 1531

Altars:
The Shining One


Innate Abilities, Weirdness & Mutations

You passively map a small area around you.
You are easily found by Zot.
You glow in the dark.
You regain HP and MP as you explore.


Message History

Unknown command.
Casting: Freeze (safe; 2% risk of failure)
Confirm with . or Enter, or press ? or * to list all spells.
Aiming: Freeze (safe; 2% risk of failure)
Press: ? - help, Shift-Dir - straight line, f/p - endoplasm
Aim: an endoplasm (almost dead)
You freeze the endoplasm.
You kill the endoplasm!
Unknown command.
As you open the door, it creaks loudly!
An endoplasm and 2 orcs come into view.
The orc shouts!
The endoplasm quivers.
The orc shouts!
The orc moves out of view.
You are too injured to fight recklessly!
Unknown command.
You close the door.
You start waiting.
A bat comes into view. 2 orcs come into view.
An orc priest comes into view. It is wielding a +0 dagger.
Casting: Freeze (safe; 2% risk of failure)
Confirm with . or Enter, or press ? or * to list all spells.
Aiming: Freeze (safe; 2% risk of failure)
Press: ? - help, Shift-Dir - straight line, f - endoplasm
Aim: an endoplasm You freeze the endoplasm.
You kill the endoplasm!
The orc shouts!
The orc priest shouts!
Unknown command.
You closely miss the orc. The orc barely misses you.
An orc comes into view. It is wielding a +0 short sword.
The orc hits you with a +0 hand axe!
* * * LOW HITPOINT WARNING * * *
Unknown command.
It was a potion of haste.
You feel yourself speed up.
The orc shouts!
The orc hits you with a +0 hand axe.
You die...

, , * #≈.≈... * **
***#≈..≈§≈ . , , ,
#.§§§≈≈ ..
*#######.....§ ... *
#..<...###### * ..o.,,
#.#.#.#.# ..... *
#.#.#.#.#,* ,
....oo######.#.#.#.#,*,*
,.....bo@...#.#.#.#.# *
,......####.#.#.#.#.#,
,* ,....., #.#.#.#.#.# ,
...., #.#.#.#.#.# ... *
#.#.#.#.#, ,* .. ,
#.#.#.#.#,*, * #
########.#.#.#.#
#........#...#.#
#.############(#


You could see 4 orcs and a bat.

Vanquished Creatures
  A dart slug (D:2)
  3 endoplasms (D:3)
  3 hobgoblins
  A kobold (D:2)
  A ball python (D:1)
  A bat (D:2)
  3 rats
13 creatures vanquished.

Notes
Turn   | Place    | Note
-------+----------+-------------------------------------------
     0 | D:1      | hawla the Meteoran Ice Elementalist began the quest for the
                  | Orb.
     0 | D:1      | Reached XP level 1. HP: 14/14 MP: 5/5
   110 | D:2      | Reached XP level 2. HP: 20/20 MP: 2/6
   164 | D:3      | Found a glowing golden altar of the Shining One.
   268 | D:3      | Slain by an orc

Illustrated notes

Levels and vault maps discovered:
D:1:      heliophobic_arrival_glass_houses, layout_rooms, basic_ecumenical_altar
D:2:      layout_basic
D:3:      layout_basic, mainiacjoe_overflow_paths, trog_wizard,
          dk_yredelemnul_ordeal

Skill      XL: |  1  2 |
---------------+-------+-----
Spellcasting   | 3 |  3.1
Dodging        | |  2.5
Stealth        | |  1.4
Ice Magic      | |  4.9

Action                   || total
-------------------------++-------
Melee: Short sword       ||    10
       Unarmed           ||     3
 Cast: Freeze            ||    18
  Use: Scroll            ||     1
       Potion            ||     1
 Stab: Sleeping          ||     1
Armor: Robe              ||     2
Dodge: Dodged            ||    15
